 Dungeon Crawl Stone Soup version 0.22.1-6-g1668fe2 (webtiles) character file.

1287 Goblin1989 the Scholar of Death (level 8, -2/64 HPs)
             Began as a Demonspawn Necromancer on Jan 21, 2019.
             Was a Follower of Kikubaaqudgha.
             Slain by a killer bee (9 damage)
             ... on level 9 of the Dungeon on Jan 22, 2019.
             The game lasted 00:39:54 (8648 turns).

Goblin1989 the Scholar of Death (DsNe)              Turns: 8648, Time: 00:39:56

Health: -2/64      AC:  4    Str: 10      XL:     8   Next: 30%
Magic:  4/14       EV: 13    Int: 18      God:    Kikubaaqudgha [*.....]
Gold:   357        SH:  0    Dex: 13 (15) Spells: 1/15 levels left

rFire    . . .     SeeInvis .   Z - +7 short sword of Teovveho {pierce, rPois rN+ Str+2}
rCold    . . .     Gourm    .   (no shield)
rNeg     + . .     Faith    .   a - +0 robe
rPois    +         Spirit   .   (no helmet)
rElec    .         Reflect  .   (no cloak)
rCorr    +         Harm     .   (no gloves)
MR       .....                  (no boots)
Stlth    ++........             A - amulet of magic regeneration
HPRegen  0.20/turn              g - ring of resist corrosion
MPRegen  0.39/turn              (no ring)

@: very slightly contaminated, invisible
A: claws 1, iridescent scales 1
a: Receive Corpses, Renounce Religion


You were on level 9 of the Dungeon.
You worshipped Kikubaaqudgha.
Kikubaaqudgha was aware of your devotion.
You were very hungry.

You visited 2 branches of the dungeon, and saw 9 of its levels.
You also visited: Ossuary.

You collected 357 gold pieces.

Inventory:

Hand Weapons
 n - a +0 hunting sling
 w - a +0 blowgun {@w1}
 G - a +3 flail of crushing
 I - a +0 dagger of venom
 O - a +0 rapier
 Z - the +7 short sword of Teovveho (weapon) {pierce, rPois rN+ Str+2}
   (You found it on level 5 of the Dungeon)

   It inflicts extra damage upon your enemies.
   It affects your strength (+2).
   It protects you from poison.
   It protects you from negative energy.
Missiles
 j - 18 bolts
 q - 215 stones (quivered) {@Q3}
 y - 130 arrows
 C - 14 tomahawks
 H - 27 poisoned needles
 J - 80 sling bullets
Armour
 a - a +0 robe (worn)
 h - a +0 ring mail
 l - a +0 scale mail
 r - a +0 chain mail
 L - a +0 helmet
Jewellery
 g - a ring of resist corrosion (left claw)
 A - an amulet of magic regeneration (around neck)
 P - an uncursed amulet of guardian spirit
 S - an uncursed ring of fire
Scrolls
 p - 3 scrolls of remove curse {@r3}
 t - 4 scrolls of enchant weapon
Potions
 m - a potion of flight
 v - a potion of berserk rage
 x - 2 potions of brilliance
 T - 7 potions of curing {@q1}
 U - 2 potions of might
 V - 2 potions of heal wounds {unknown}
 W - a potion of invisibility
 X - a potion of ambrosia {unknown}
 Y - 2 potions of haste
Comestibles
 e - 11 rations
 R - 5 chunks of flesh


   Skills:
 + Level 6.2 Fighting
 - Level 0.9 Short Blades
 - Level 2.0 Maces & Flails
 + Level 3.3 Dodging
 - Level 1.7 Stealth
 - Level 2.0 Unarmed Combat
 + Level 4.2 Spellcasting
 + Level 6.3 Necromancy


You had one spell level left.
You knew the following spells:

 Your Spells              Type           Power        Failure   Level  Hunger
a - Pain                  Necr           ####         1%          1    None
b - Animate Skeleton      Necr           N/A          1%          1    None
v - Vampiric Draining     Necr           ####......   3%          3    ###....
E - Animate Dead          Necr           N/A          11%         4    ####...
R - Regeneration          Chrm/Necr      ###.......   12%         3    ###....
Z - Sublimation of Blood  Necr           ####......   1%          2    ##.....

Your spell library contained the following spells:

 Spells                   Type           Power        Failure   Level  Hunger
 Bolt of Magma            Conj/Fire/Erth #.........   99%         5    ######.
 Iskenderun's Battlesphe  Conj/Chrm      #.......     99%         5    ######.
 Venom Bolt               Conj/Pois      #.........   99%         5    ######.
 Iron Shot                Conj/Erth      #.........   100%        6    #######
 Orb of Destruction       Conj           #.........   100%        7    #######
 Spellforged Servitor     Conj/Summ      #.........   100%        7    #######


Dungeon Overview and Level Annotations

Branches:
Dungeon (7/15)             Temple (1/1) D:5

Altars:
Cheibriados
Hepliaklqana
Kikubaaqudgha
Uskayaw
Vehumet
Zin

Annotations:
D:4 Sigmund


Innate Abilities, Weirdness & Mutations

You have sharp fingernails.
You are partially covered in iridescent scales. (AC +2)


Message History

You feel sick.
You take 1 damage, and have 18/64 hp.
Kikubaaqudgha delivers you corpses!
You feel somewhat more hungry.
You feel sick.
You take 1 damage, and have 17/64 hp.
You now have 11/14 mp.
Okay, then.
Casting: Regeneration (safe; 12% risk of failure)
Confirm with . or Enter, or press ? or * to list all spells.
You call on the dead to rise...
The dead have arisen!
You are feeling hungry.
You feel sick.
You now have 7/14 mp.
Unknown command.
You feel sick.
The killer bee barely misses your adder zombie.
The killer bee completely misses your adder zombie.
Your adder zombie misses the killer bee.
Your quokka zombie completely misses the killer bee.
You take 2 damage, and have 15/64 hp.
Unknown command.
Kikubaaqudgha delivers you corpses!
You feel somewhat more hungry.
You feel sick.
The killer bee stings your adder zombie!
The killer bee stings your adder zombie.
The killer bee closely misses your adder zombie.
The killer bee stings your gnoll zombie.
The killer bee closely misses your adder zombie.
Your adder zombie bites the killer bee.
Your quokka zombie misses the killer bee.
You take 1 damage, and have 14/64 hp.
You now have 5/14 mp.
Unknown command.
Casting: Animate Dead (safe; 11% risk of failure)
Confirm with . or Enter, or press ? or * to list all spells.
You call on the dead to rise...
The dead are walking!
You are feeling very hungry.
You feel sick.
The killer bee closely misses your adder zombie.
The killer bee stings your gnoll zombie.
The killer bee stings your adder zombie.
The killer bee barely misses your adder zombie.
The killer bee barely misses your gnoll zombie.
Your scorpion zombie misses the killer bee.
Your gnoll zombie closely misses the killer bee.
The killer bee barely misses your adder zombie.
Your adder zombie misses the killer bee.
Your quokka zombie bites the killer bee but does no damage.
Some of the chunks of flesh in your inventory have rotted away.
You take 1 damage, and have 13/64 hp.
You now have 2/14 mp.
Unknown command.
Unknown command.
You feel better.
The killer bee completely misses your adder zombie.
The killer bee stings your gnoll zombie.
The killer bee stings your adder zombie!
Your adder zombie is destroyed!
The killer bee barely misses your gnoll zombie.
The killer bee stings your quokka zombie.
Your scorpion zombie closely misses the killer bee.
The killer bee stings your gnoll zombie!
Your gnoll zombie is destroyed!
Your quokka zombie bites the killer bee but does no damage.
You regained 7 hp, and now have 20/64 hp.
You swap places.
The killer bee barely misses you.
The killer bee stings your quokka zombie!
Your quokka zombie is destroyed!
The killer bee stings your scorpion zombie.
The killer bee barely misses you.
The killer bee stings your scorpion zombie.
The killer bee stings you!
* * * LOW HITPOINT WARNING * * *
The killer bee stings your scorpion zombie.
Your scorpion zombie closely misses the killer bee.
Your leopard gecko zombie barely misses the killer bee.
You take 6 damage, and have 14/64 hp.
You swap places.
The killer bee stings your gnoll zombie.
The killer bee barely misses your scorpion zombie.
The killer bee barely misses you.
The killer bee stings your scorpion zombie but does no damage.
The killer bee stings your gnoll zombie.
The killer bee stings your scorpion zombie.
Your gnoll zombie hits the killer bee.
The killer bee stings you!
* * * LOW HITPOINT WARNING * * *
The killer bee stings your scorpion zombie.
Your leopard gecko zombie completely misses the killer bee.
You take 7 damage, and have 7/64 hp.
The killer bee stings your gnoll zombie.
The killer bee stings your scorpion zombie. x2
The killer bee stings your gnoll zombie!
Your gnoll zombie is destroyed!
Your scorpion zombie hits the killer bee.
The killer bee stings your scorpion zombie.
Okay, then.
You fade into invisibility!
The killer bee stings your leopard gecko zombie.
The killer bee stings your scorpion zombie!
Your scorpion zombie is destroyed!
The killer bee stings you!
You die...
Kikubaaqudgha rasps: "You have failed me!
Welcome... death!" █.o.█.....█..█ █..██.....█..▲ ██o.█......█..█ █████

█...█......█..█
██...██▲██...█....o.█..█
...o.o.......█....y.█...
...o.........█..y..y█...
.............█.yyyZ.█
...████████..█..@████
...█ █..█...█ ...█
▲..█████ ...█ ... ...█
█.. ...█


You could see 6 killer bees, an orc (inner flame) and a friendly leopard gecko
zombie.

Vanquished Creatures
  A hippogriff (D:7)
  2 sky beasts
  2 phantoms
  A black bear (D:7)
  A centaur (D:6)
  A water moccasin zombie (Ossuary)
  2 scorpions
  A quasit (D:5)
  2 hounds (D:5)
  A bullfrog skeleton (D:7)
  An iguana (D:6)
  2 big kobold zombies (Ossuary)
  A mummy (Ossuary)
  Robin (D:2)
  4 adders
  2 shadow imps
  An adder zombie (Ossuary)
  2 worms
  A dart slug (D:1)
  6 leopard geckos
  21 orcs
  9 bats
  9 giant cockroaches
  4 gnoll zombies (Ossuary)
  15 goblins
  5 hobgoblins
  4 kobolds
  4 quokkas (D:3)
  2 ball pythons
  A frilled lizard (D:3)
  2 goblin zombies (D:5)
  3 hobgoblin zombies (Ossuary)
  7 kobold zombies (Ossuary)
  5 orc zombies (Ossuary)
  11 rats
137 creatures vanquished.

Vanquished Creatures (collateral kills)
  An orc wizard (D:3)
  A dart slug (D:4)
  An orc (D:3)
  A jackal skeleton (D:2)
4 creatures vanquished.

Vanquished Creatures (others)
  A mummy (Ossuary)
1 creature vanquished.

Grand Total: 142 creatures vanquished

Notes
Turn   | Place    | Note
-------+----------+-------------------------------------------
     0 | D:1      | Goblin1989 the Demonspawn Necromancer began the quest for
                  | the Orb.
     0 | D:1      | Reached XP level 1. HP: 13/13 MP: 3/3
     2 | D:1      | Learned a level 1 spell: Animate Skeleton
    60 | D:1      | Reached skill level 1 in Fighting
   284 | D:1      | Gained mutation: You are partially covered in iridescent
                  | scales. (AC +2) [demonic ancestry]
   284 | D:1      | Reached XP level 2. HP: 19/22 MP: 0/5
  1053 | D:2      | Reached XP level 3. HP: 16/28 MP: 0/6
  1432 | D:2      | Learned a level 3 spell: Regeneration
  2080 | D:3      | Reached XP level 4. HP: 33/35 MP: 1/7
  2144 | D:3      | Found a glowing silver altar of Zin.
  2221 | D:3      | Noticed Robin
  3369 | D:3      | Reached skill level 5 in Necromancy
  3889 | D:3      | Learned a level 3 spell: Vampiric Draining
  4052 | D:2      | Killed Robin
  4052 | D:2      | Reached XP level 5. HP: 36/41 MP: 1/9
  4663 | D:4      | Noticed a dagger
  4663 | D:4      | Noticed a dagger
  4669 | D:4      | Found a hide-covered altar of Uskayaw.
  4736 | D:4      | Noticed Sigmund
  4749 | D:4      | Noticed a black bear
  4908 | D:5      | Entered Level 5 of the Dungeon
  4972 | D:5      | Found a staircase to the Ecumenical Temple.
  4979 | Temple   | Entered the Ecumenical Temple
  4998 | Temple   | Became a worshipper of Kikubaaqudgha
  5051 | D:5      | Found a sand-covered staircase.
  5062 | Ossuary  | Entered an ossuary
  5542 | Ossuary  | Reached XP level 6. HP: 49/49 MP: 10/10
  6301 | D:5      | Reached skill level 5 in Fighting
  6412 | D:5      | Got a twisted short sword
  6413 | D:5      | Identified the +7 short sword of Teovveho {pierce, rPois
                  | rN+ Str+2} (You found it on level 5 of the Dungeon)
  6610 | D:5      | Noticed a sky beast
  6627 | D:5      | Killed a sky beast
  6627 | D:5      | Gained mutation: You have sharp fingernails. [demonic
                  | ancestry]
  6627 | D:5      | Reached XP level 7. HP: 40/57 MP: 11/11
  6888 | D:5      | Reached skill level 1 in Maces & Flails
  7174 | D:5      | Reached * piety under Kikubaaqudgha
  7174 | D:5      | Identified Kikubaaqudgha's Volume of Dark Arts {god gift}
                  | (Kikubaaqudgha gifted it to you on level 5 of the Dungeon)
  7174 | D:5      | Received a gift from Kikubaaqudgha
  7181 | D:5      | Learned a level 2 spell: Sublimation of Blood
  7654 | D:6      | Found a snail-covered altar of Cheibriados.
  7963 | D:7      | Reached skill level 1 in Unarmed Combat
  8113 | D:7      | Reached XP level 8. HP: 36/64 MP: 13/13
  8332 | D:7      | Learned a level 4 spell: Animate Dead
  8472 | D:7      | Noticed a hippogriff
  8487 | D:7      | Killed a hippogriff
  8595 | D:7      | You fall through a shaft for 2 floors!
  8648 | D:9      | Slain by a killer bee

Skill      XL: |  1  2  3  4  5  6  7  8 |
---------------+-------------------------+-----
Fighting       | 1 2 3 4 5 6 |  6.2
Necromancy     | 5 6 |  6.3
Spellcasting   | 3 4 |  4.2
Dodging        | 3 |  3.3
Maces & Flails | 2 |  2.0
Unarmed Combat | 1 2 |  2.0
Short Blades   | |  0.9
Stealth        | |  1.7

Action                   |  1- 3 |  4- 6 |  7- 9 || total
-------------------------+-------+-------+-------++-------
Melee: Dagger            |    49 |    14 |       ||    63
       Flail             |       |   168 |       ||   168
       Short sword       |       |    11 |    62 ||    73
 Fire: Blowgun           |       |     2 |       ||     2
 Cast: Pain              |    58 |   102 |     8 ||   168
       Animate Skeleton  |     6 |    21 |     2 ||    29
       Regeneration      |     1 |     9 |     4 ||    14
       Vampiric Draining |       |       |     3 ||     3
       Animate Dead      |       |       |     2 ||     2
Invok: Receive Corpses   |       |       |     2 ||     2
  Use: Potion            |       |     5 |     2 ||     7
       Scroll            |       |     5 |     9 ||    14
 Stab: Sleeping          |     2 |       |       ||     2
  Eat: Chunk             |     5 |     9 |     4 ||    18
       Ration            |       |     2 |     1 ||     3
Armor: Robe              |    18 |   108 |     9 ||   135
Dodge: Dodged            |    49 |   211 |    43 ||   303

Vault maps used:
D:1:      lemuel_arrival_muddy
D:2:      first_ration
D:3:      nicolae_overflow_crystal_walls, serial_glass, glass_columns_b,
          glass_columns_a, glass_columns_b, glass_columns_a, glass_columns_b,
          glass_columns_c, grunt_ministairs_1, minmay_joined_circles, uniq_robin
D:4:      dancing_weapons_uskayaw,
          nicolae_gozag_cash_rules_everything_around_me,
          nicolae_ru_great_annihilating_truth, uniq_sigmund
D:5:      minmay_temple_entry_statues_fountains, enter_ossuary_4
D:6:      kennysheep_mini_moat, serial_glass, glass_columns_a, glass_columns_a,
          dk_noncrumbling_3
D:7:      serial_shops, nicolae_shop_crystal, the_bakery, uniq_pikel
D:9:      kennysheep_small_circle
Temple:   minmay_crystal_spiral_temple
Ossuary:  ossuary_tomb_2
